 Dungeon Crawl Stone Soup version 0.20.1-1-g8b1a95d (webtiles) character file.

46 Linguinho the Sneak (level 3, -1/27 HPs)
             Began as a Demonspawn Assassin on Oct 29, 2017.
             Slain by an adder (3 damage)
             ... on level 2 of the Dungeon.
             The game lasted 00:02:05 (972 turns).

Linguinho the Sneak (Demonspawn Assassin)            Turns: 972, Time: 00:02:06

Health: -1/27      AC:  4    Str: 11    XL:     3   Next: 44%
Magic:  3/3        EV: 11    Int: 12    God:
Gold:   79         SH:  0    Dex: 15    Spells: 2/2 levels left

rFire    . . .     SeeInvis .   a - +2 dagger
rCold    . . .     Gourm    .   (no shield)
rNeg     . . .     Faith    .   h - +0 leather armour
rPois    .         Spirit   .   (no helmet)
rElec    .         Reflect  .   d - +0 cloak
rCorr    .         Harm     .   (no gloves)
MR       .....                  (no boots)
Stlth    +++.......             (no amulet)
Regen    0.1/turn               (no ring)
MPRegen  0.1/turn               (no ring)

@: no status effects
A: foul stench 1, rot immunity
a: no special abilities


You were on level 2 of the Dungeon.
You were not hungry.

You visited 1 branch of the dungeon, and saw 2 of its levels.

You collected 79 gold pieces.

Inventory:

Hand Weapons
 a - a +2 dagger (weapon)
 b - a +0 blowgun
Missiles
 e - 8 poisoned needles
 f - 2 curare-tipped needles
Armour
 c - a +0 robe
 d - a +0 cloak (worn)
 h - a +0 leather armour (worn)
 u - a +2 helmet
Jewellery
 m - a +5 ring of evasion {unknown}
 r - an uncursed amulet of the gourmand {unknown}
Scrolls
 i - a scroll of identify {unknown}
 k - 2 scrolls of enchant armour {unknown}
 o - a scroll of remove curse {unknown}
Potions
 j - a potion of invisibility {unknown}
 l - a potion of heal wounds {unknown}
 p - a potion of might {unknown}
 q - a potion of agility {unknown}
 s - a potion of magic {unknown}
 t - a potion of curing {unknown}
Comestibles
 g - 2 bread rations
 n - a meat ration


   Skills:
 + Level 2.1 Fighting
 + Level 2.1 Short Blades
 - Level 1.7 Throwing
 * Level 0.8 Armour
 + Level 0.8 Dodging
 * Level 4.5 Stealth


You had 2 spell levels left.
You didn't know any spells.

Dungeon Overview and Level Annotations

Branches:
Dungeon (2/15)

Altars:


Innate Abilities, Weirdness & Mutations

You may emit foul miasma when damaged in melee.
You are immune to rotting.


Message History

The worm is heavily wounded.
The goblin shoots a stone.
The stone hits you.
* * * LOW HITPOINT WARNING * * *
Found a bronze wand.
The adder bites you but does no damage.
The adder looks sick.
The adder bites you but does no damage.
You see here 20 stones.
The adder bites you but does no damage.
The goblin shoots a stone.
The stone closely misses you. The adder bites you.
* * * LOW HITPOINT WARNING * * *
You hit the adder.
The adder is moderately wounded.
The adder closely misses you.
You barely miss the adder.
The adder is moderately wounded.
The adder barely misses you.
You hit the adder.
The adder is heavily wounded.
The adder barely misses you. The adder bites you.
You die...

######.### #......... #.........
################ #.........
#............(.# #.........
##..............########.........
.+..............@S...............
##..............##g..##...)......
##..............##...##..........
.......).........+..g........>...
................##...##w.........
..†.............########(........
..).).†.........# #.#....###
................# #......#
................# ##w....#


You could see a worm, an adder and 2 goblins.

Vanquished Creatures
  An adder (D:2)
  An ooze (D:1)
  A dart slug (D:1)
  2 giant cockroaches (D:1)
  6 goblins
  5 hobgoblins (D:1)
  6 kobolds
  4 bats
  3 rats (D:1)
29 creatures vanquished.

Notes
Turn   | Place    | Note
-------+----------+-------------------------------------------
     0 | D:1      | Linguinho the Demonspawn Assassin began the quest for the Orb.
     0 | D:1      | Reached XP level 1. HP: 16/16 MP: 1/1
   147 | D:1      | Reached skill level 4 in Stealth
   147 | D:1      | Gained mutation: You are immune to rotting. [demonic ancestry]
   147 | D:1      | Reached XP level 2. HP: 22/22 MP: 2/2
   689 | D:1      | Gained mutation: You may emit foul miasma when damaged in melee. [demonic ancestry]
   689 | D:1      | Reached XP level 3. HP: 20/27 MP: 3/3
   968 | D:2      | HP: 1/27 [adder (5)]
   972 | D:2      | Slain by an adder

Skill      XL: |  1  2  3 |
---------------+----------+-----
Stealth        | 4 |  4.5
Short Blades   | 2 |  2.1
Fighting       | |  2.1
Throwing       | |  1.7
Armour         | |  0.8
Dodging        | |  0.8

Action                   || total
-------------------------++-------
Melee: Dagger            ||    97
 Stab: Sleeping          ||     1
Armor: Robe              ||     8
       Leather armour    ||    27
Dodge: Dodged            ||    56
